 Dungeon Crawl Stone Soup version 0.31-a0-876-gfe8ebadbca (webtiles) character file.

Game seed: 12909317430188315347

35387 BinkBink the Unseen (level 13, -5/72 HPs)
             Began as a Spriggan Hunter on Oct 14, 2023.
             Was an Elder of Dithmenos.
             Slain by a minotaur
             ... wielding a +4 broad axe of flaming
              (33 damage)
             ... in a Gauntlet.
             The game lasted 00:47:09 (17275 turns).

BinkBink the Unseen (Spriggan Hunter)              Turns: 17275, Time: 00:47:10

Health: -5/72      AC:  9    Str:  3    XL:     13   Next: 47%
Magic:  14/14      EV: 36    Int: 11    God:    Dithmenos [****..]
Gold:   843        SH:  7    Dex: 29    Spells: 12/12 levels left

rFire   + . .        s - +3 short sword (venom)
rCold   + + +        O - +0 buckler of Joeny {Harm Fly rN+ Regen+}
rNeg    + . .        I - +2 robe {Will+}
rPois   .            (helmet restricted)
rElec   .            L - +0 cloak
rCorr   .            (gloves unavailable)
SInv    +            (boots unavailable)
Will    +++..        S - amulet "Wiffauw" {Faith -Cast rF+ rC+++ Str-4} Stlth **++++++++
                     t - +6 ring of dexterity
HPRegen 1.12/turn    J - +4 ring of protection
MPRegen 0.14/turn

%: no teleportation, no spellcasting, harm (+30% outgoing, +20% incoming), faith
@: flying, wreathed by umbra, very quick
A: very small, no large weapons, unfitting armour, see invisible, speed 3
a: Renounce Religion, Shadow Step


You were in a Gauntlet.
You worshipped Dithmenos.
Dithmenos was greatly pleased with you.
You visited 4 branches of the dungeon, and saw 16 of its levels.
You also visited: Sewer and Gauntlet.

You collected 1571 gold pieces.
You spent 728 gold pieces at shops.

Inventory:

Hand Weapons
 a - a +0 shortbow of draining
 k - a +1 dagger of venom
 o - a +2 dagger of speed
 s - a +3 short sword of venom (weapon)
Missiles
 b - 4 throwing nets
Armour
 c - a +0 robe
 e - a +2 robe of cold resistance
 B - +0 acid dragon scales
 I - a +2 robe of willpower (worn)
 L - a +0 cloak (worn)
 O - the +0 buckler of Joeny (worn) {Harm Fly rN+ Regen+}
   (You acquired it on level 6 of the Dungeon)

   rN+:       It protects you from negative energy.
   Fly:       It grants you flight.
   Regen+:    It increases your rate of health regeneration.
   Harm:      It increases damage dealt and taken.
Jewellery
 m - a ring of fire
 r - an amulet of magic regeneration
 t - a +6 ring of dexterity (left hand)
 J - a +4 ring of protection (right hand)
 K - an amulet of the acrobat
 P - a ring of protection from fire
 R - a ring of fire
 S - the amulet "Wiffauw" (around neck) {Faith -Cast rF+ rC+++ Str-4}
   (You found it in a Gauntlet)

   [amulet of faith]

   Faith:     It allows you to gain divine favour quickly.
   Str-4:     It affects your strength (-4).
   rF+:       It protects you from fire.
   rC+++:     It renders you almost immune to cold.
   -Cast:     It prevents spellcasting.
Wands
 l - a wand of light (23)
 q - a wand of flame (26)
 y - a wand of mindburst (19)
 z - a wand of roots (16)
 G - a wand of polymorph (15)
 M - a wand of paralysis (3)
Scrolls
 n - 2 scrolls of fog
 x - 3 scrolls of fear
 C - a scroll of vulnerability
 D - a scroll of teleportation
 F - 2 scrolls of enchant armour
 H - 2 scrolls of poison
 N - a scroll of revelation
Potions
 d - 5 potions of curing
 f - a potion of mutation
 g - 4 potions of resistance
 h - 2 potions of brilliance {unknown}
 i - 2 potions of enlightenment
 j - a potion of haste {unknown}
 p - a potion of ambrosia
 u - 2 potions of invisibility {unknown}
 v - 5 potions of might
 w - 2 potions of cancellation
 A - a potion of lignification {unknown}
 E - a potion of attraction {unknown}
 Q - 2 potions of magic {unknown}


   Skills:
 + Level 10.2 Fighting
 + Level 11.6 Short Blades
 - Level 4.0 Ranged Weapons
 + Level 15.2 Dodging
 + Level 17.7 Stealth
 + Level 4.0 Shields


You had 12 spell levels left.
You didn't know any spells.
Your spell library contained the following spells:

 Spells                   Type           Power      Damage    Failure   Level
 Apportation              Tloc           0%         N/A       56%         1
 Necrotise                Necr           0%         1d4       56%         1
 Sandblast                Erth           0%         2d4       56%         1
 Summon Small Mammal      Summ           0%         N/A       56%         1
 Passwall                 Tmut/Erth      0%         N/A       71%         2
 Sublimation of Blood     Necr           0%         N/A       71%         2
 Wereblood                Tmut           0%         N/A       71%         2
 Ozocubu's Armour         Ice            0%         N/A       91%         3
 Stone Arrow              Conj/Erth      0%         3d7       91%         3
 Summon Guardian Golem    Hex/Summ       0%         N/A       91%         3
 Anguish                  Hex/Necr       0%         N/A       100%        4
 Brom's Barrelling Bould  Conj/Erth      0%         2d3       100%        4
 Cause Fear               Hex            0%         N/A       100%        4
 Vhi's Electric Charge    Tloc/Air       0%         N/A       100%        4
 Arcjolt                  Conj/Air       0%         1d10      100%        5
 Plasma Beam              Fire/Air       0%         2x1d10    100%        6
 Enfeeble                 Hex            0%         N/A       100%        7
 Orb of Destruction       Conj           0%         9d5       100%        7
 Ozocubu's Refrigeration  Ice            0%         4d7       100%        7
 Spellforged Servitor     Conj/Summ      0%         N/A       100%        7
 Summon Hydra             Summ           0%         N/A       100%        7


Dungeon Overview and Level Annotations

Branches:
Dungeon (11/15)            Temple (1/1) D:4            Lair (2/5) D:9
    Orc (2/2) D:11            Elf (0/3) Orc:2         Sewer (visited)
Gauntlet (1/1)
  Swamp: Lair:2-3    Shoals: Lair:2-3     Snake: Lair:2-3    Spider: Lair:2-3

Altars:
Ashenzari
Cheibriados
Dithmenos
Elyvilon
Fedhas
Gozag
Hepliaklqana
Kikubaaqudgha
Makhleb
Nemelex Xobeh
Okawaru
Qazlal
Ru
Sif Muna
Trog
Uskayaw
Vehumet
Wu Jian
Xom
Yredelemnul
Zin
The Shining One

Shops:
D:6 ((?!:   D:9 :   D:10 *   Orc:2 [=(*

Annotations:
D:2 Grinder
D:3 1 runed translucent door, Crazy Yiuf
Temple 2 transporters Gauntlet 8 transporters, 3 runed translucent doors


Innate Abilities, Weirdness & Mutations

You are very small and have problems with some larger weapons.
You are too small for most types of armour.
You have supernaturally acute eyesight. (SInv)
You cover ground extremely quickly. (Speed+++)


Message History

You hit the minotaur but do no damage.
The minotaur looks as sick as possible!
The minotaur is lightly wounded.
The minotaur attacks as it pursues you! You block the minotaur's attack.
The minotaur gores you.
You start resting.
A minotaur is nearby!
You start resting.
A minotaur is nearby!
The minotaur misses you. The minotaur barely misses you.
You hit the minotaur.
The minotaur is moderately wounded.
You hit the minotaur but do no damage.
The minotaur is moderately wounded.
The minotaur hits you but does no damage.
You block the minotaur's attack.
You hit the minotaur but do no damage.
The minotaur looks as sick as possible!
The minotaur is moderately wounded.
The minotaur throws a javelin.
The javelin completely misses you. The minotaur completely misses you.
The minotaur misses you.
You hit the minotaur but do no damage.
The minotaur is moderately wounded.
You puncture the minotaur!
The minotaur looks as sick as possible!
The minotaur is heavily wounded.
Your shadow barely misses the minotaur.
The minotaur furiously retaliates!
The minotaur headbutts your shadow. The minotaur completely misses you.
The minotaur gores you.
You hit the minotaur but do no damage.
The minotaur is severely wounded.
The minotaur hits you with a +4 broad axe of flaming!!
The minotaur burns you. You block the minotaur's attack.
You hit the minotaur but do no damage.
The minotaur looks as sick as possible!
The minotaur is severely wounded.
You block the minotaur's attack. x2
The minotaur hits you with a +4 broad axe of flaming!!
The minotaur burns you. The minotaur misses you.
You hit the minotaur but do no damage.
The minotaur looks as sick as possible!
The minotaur is almost dead.
The minotaur attacks as it pursues you!
The minotaur hits you with a +4 broad axe of flaming!!
You die...

#.....# ######'#######
#.............# #.###.###.###.#
#.###.###.###.# #.............#
###.###.###.### ###.###.###.###
#.......@H....# ##...©.©.©...##
###########.........############
≈#≈#≈#§#≈#############≈#≈#≈#≈#≈##
.............8.∩.8..............≈
................................#
.#########.#########.#########..≈
.#.[#©#.2#.#..[©##.#.#bh[©)..#..#
§#($#.#.4#.#..)##..#.#.#...#.#..≈


You could see a minotaur (extremely poisoned), a hell hound (wandering) and a
fire bat.

Vanquished Creatures
  2 orc warlords
  Josephine (D:10)
  Harold (D:11)
  A two-headed ogre (D:11)
  2 boulder beetles (D:11)
  4 orc high priests
  Sonja (Orc:1)
  3 sixfirhies (Gauntlet)
  Amaemon (D:9)
  Pikel (D:8)
  An orc knight (Orc:1)
  6 orc sorcerers
  3 cyclopes
  9 elephants
  Maurice (D:8)
  3 cane toads
  An unseen horror (D:11)
  An orange demon (D:9)
  Psyche (D:7)
  Jeremiah (D:7)
  A rime drake (Lair:1)
  3 trolls
  Prince Ribbit (D:9)
  2 hornets (D:8)
  2 shadows (D:10)
  5 wyverns
  24 yaks
  4 wraiths
  A steam dragon (Lair:1)
  5 wargs
  2 acid dragons
  5 water moccasins
  4 ice beasts
  3 black bears
  Pargi (Sewer)
  29 orc warriors
  2 sky beasts
  13 ogres
  3 phantoms
  6 centaurs
  3 lemures (D:8)
  2 kobold brigands
  3 bullfrogs (Lair:1)
  3 scorpions
  3 small abominations (Gauntlet)
  4 wights (D:8)
  7 killer bees
  6 howler monkeys
  9 orc priests
  3 hounds
  A jelly (D:4)
  4 gnoll boudas
  A sleepcap (D:6)
  Terence (D:3)
  2 iguanas (D:5)
  13 orc wizards
  2 hell rats (Lair:2)
  10 gnolls
  8 adders
  5 river rats
  A white imp (D:6)
  5 ufetubi
  4 worms
  5 dart slugs
  47 orcs
  3 endoplasms
  2 giant cockroaches
  11 goblins
  8 hobgoblins
  2 jackals (D:3)
  5 quokkas
  9 ball pythons
  5 bats
  8 frilled lizards
  16 kobolds
  7 rats
388 creatures vanquished.

Vanquished Creatures (others)
  A white imp (D:8)
  An orc (Orc:1)
2 creatures vanquished.

Grand Total: 390 creatures vanquished

Notes
Turn   | Place    | Note
-------+----------+-------------------------------------------
     0 | D:1      | BinkBink the Spriggan Hunter began the quest for the Orb.
     0 | D:1      | Reached XP level 1. HP: 10/10 MP: 2/2
   100 | D:1      | Reached skill level 2 in Stealth
   167 | D:1      | Reached XP level 2. HP: 15/15 MP: 3/3
   456 | D:1      | Reached XP level 3. HP: 15/18 MP: 4/4
   552 | D:1      | Reached skill level 3 in Stealth
   794 | D:2      | Found a snail-covered altar of Cheibriados.
   909 | D:2      | Reached skill level 1 in Short Blades
  1021 | D:2      | Found a faded altar of an unknown god.
  1481 | D:3      | Noticed Terence
  1485 | D:3      | Killed Terence
  1486 | D:3      | Reached XP level 4. HP: 23/23 MP: 5/5
  1652 | D:3      | Noticed Grinder
  1757 | D:3      | Found a runed translucent door.
  1758 | D:3      | Noticed Crazy Yiuf
  1843 | D:3      | Paralysed by Grinder for 4 turns
  2229 | D:3      | Reached XP level 5. HP: 18/27 MP: 6/6
  2235 | D:3      | Reached skill level 4 in Stealth
  2706 | D:4      | Reached XP level 6. HP: 21/32 MP: 7/7
  2745 | D:4      | Found a staircase to the Ecumenical Temple.
  2755 | Temple   | Found a transporter.
  2755 | Temple   | Found a transporter.
  2755 | Temple   | Found a transporter.
  2755 | Temple   | Found a transporter.
  2755 | Temple   | Entered the Ecumenical Temple
  2920 | D:4      | Found a glowing drain.
  2947 | Sewer    | Entered a sewer
  2988 | Sewer    | Noticed Pargi
  3030 | Sewer    | Killed Pargi
  3031 | Sewer    | Reached skill level 5 in Stealth
  3169 | Sewer    | Reached skill level 5 in Dodging
  3774 | D:4      | Found a bloodstained altar of Trog.
  3818 | D:4      | Reached XP level 7. HP: 36/36 MP: 8/8
  4249 | D:5      | Entered Level 5 of the Dungeon
  4736 | D:5      | Reached skill level 5 in Short Blades
  4736 | D:5      | Reached skill level 6 in Stealth
  4995 | D:5      | Found an opulent altar of Gozag.
  5362 | D:5      | Reached XP level 8. HP: 42/42 MP: 9/9
  5594 | D:6      | Found Mocebal's Magic Scroll Emporium.
  5599 | D:6      | Reached skill level 7 in Stealth
  5601 | D:6      | Found Agulea's Distillery.
  5612 | D:6      | Found Piqit's Weapon Shoppe.
  5742 | D:6      | Found Zonel's Antique Weapon Shoppe.
  5980 | D:6      | Reached skill level 8 in Stealth
  6270 | D:6      | Reached XP level 9. HP: 34/46 MP: 10/10
  6315 | D:6      | Found Tenoemuj's Book Shop.
  6934 | D:7      | Reached skill level 9 in Stealth
  6991 | D:7      | Reached skill level 5 in Fighting
  7511 | D:7      | Noticed Jeremiah
  7516 | D:7      | Killed Jeremiah
  7595 | D:8      | Found an ancient bone altar of Kikubaaqudgha.
  7598 | D:8      | Reached skill level 10 in Stealth
  7632 | D:8      | Noticed Psyche
  7656 | D:7      | Killed Psyche
  7946 | D:8      | Reached XP level 10. HP: 41/52 MP: 11/11
  7996 | D:8      | You fall into a shaft and drop 2 floors!
  7996 | D:10     | Entered Level 10 of the Dungeon
  8068 | D:10     | Found a hide-covered altar of Uskayaw.
  8103 | D:10     | Found Ibimuqaunn's Gadget Gallery.
  8232 | D:10     | Reached skill level 10 in Short Blades
  8499 | D:10     | Reached skill level 11 in Stealth
  8535 | D:9      | Found a staircase to the Lair.
  9000 | D:8      | Noticed Maurice
  9015 | D:8      | Maurice stole a +2 dagger of speed
  9016 | D:8      | Maurice stole an amulet of magic regeneration
  9028 | D:8      | Killed Maurice
  9044 | D:8      | Reached skill level 10 in Dodging
  9276 | D:8      | Found a shadowy altar of Dithmenos.
  9284 | D:8      | Became a worshipper of Dithmenos the Shadowed
  9467 | D:8      | Noticed Pikel
  9593 | D:8      | Killed Pikel
  9594 | D:8      | Reached skill level 12 in Stealth
  9847 | D:9      | Found Geckouxos's Book Shoppe.
 10175 | D:9      | Reached XP level 11. HP: 57/58 MP: 12/12
 10178 | D:9      | Noticed Prince Ribbit
 10202 | D:9      | Killed Prince Ribbit
 10203 | D:9      | Reached skill level 13 in Stealth
 10464 | D:9      | Noticed Amaemon
 10467 | D:9      | Killed Amaemon
 10467 | D:9      | Reached * piety under Dithmenos
 11018 | D:10     | Identified the +1 flail of Coite {pain, rElec rCorr Dex+3}
 11027 | D:10     | Noticed Josephine
 11222 | D:10     | Reached skill level 14 in Stealth
 11526 | D:10     | Killed Josephine
 11726 | D:11     | Noticed a two-headed ogre
 11733 | D:11     | Killed a two-headed ogre
 11865 | D:11     | Noticed a boulder beetle
 11898 | D:11     | Killed a boulder beetle
 11899 | D:11     | Reached skill level 15 in Stealth
 11994 | D:11     | Noticed Harold
 12061 | D:11     | Killed Harold
 12111 | D:11     | Reached XP level 12. HP: 65/65 MP: 13/13
 12685 | D:11     | Reached ** piety under Dithmenos
 12708 | D:11     | Found a staircase to the Orcish Mines.
 12979 | D:11     | Noticed a boulder beetle
 12985 | D:11     | Killed a boulder beetle
 13143 | D:6      | Bought a scroll of acquirement for 728 gold pieces
 13143 | D:6      | Acquired the +0 buckler of Joeny {Harm Fly rN+ Regen+}
 13300 | Orc:1    | Entered Level 1 of the Orcish Mines
 13365 | Orc:1    | Noticed Sonja
 13381 | Orc:1    | Killed Sonja
 13382 | Orc:1    | Reached skill level 16 in Stealth
 13533 | Orc:2    | Entered Level 2 of the Orcish Mines
 13533 | Orc:2    | Noticed an orc high priest
 13538 | Orc:2    | Found Oleme's Jewellery Shop.
 13658 | Orc:1    | Reached skill level 1 in Shields
 13758 | Orc:2    | Found Taxodouc's Antique Weapon Boutique.
 13976 | Orc:1    | Killed an orc high priest
 14154 | Orc:2    | Found Zyilubbo's Antique Armour Shoppe.
 14154 | Orc:2    | Noticed an orc high priest
 14154 | Orc:2    | Noticed an orc high priest
 14155 | Orc:2    | Noticed an orc warlord
 14323 | Orc:2    | Reached *** piety under Dithmenos
 14351 | Orc:2    | Noticed an orc high priest
 14474 | Orc:2    | Killed an orc high priest
 14525 | Orc:2    | Killed an orc high priest
 14776 | Orc:1    | Killed an orc warlord
 14839 | Orc:2    | Found a staircase to the Elven Halls.
 14913 | Orc:2    | Killed an orc high priest
 14967 | Orc:2    | Reached skill level 17 in Stealth
 15120 | Orc:2    | Found Feaxtef's General Store.
 15243 | Orc:1    | Noticed an orc warlord
 15412 | Orc:2    | Killed an orc warlord
 15413 | Orc:2    | Reached XP level 13. HP: 42/72 MP: 14/14
 15651 | Orc:1    | Reached **** piety under Dithmenos
 15902 | Lair:1   | Entered Level 1 of the Lair of Beasts
 16541 | Lair:2   | Found a gate leading to a gauntlet.
 16592 | Lair:2   | Reached skill level 10 in Fighting
 16607 | Lair:2   | Reached skill level 15 in Dodging
 16713 | Gauntlet | Entered a Gauntlet
 16713 | Gauntlet | Found a transporter.
 16713 | Gauntlet | Found a transporter.
 16719 | Gauntlet | Found a transporter.
 16737 | Gauntlet | Found a transporter.
 16750 | Gauntlet | Found a transporter.
 16750 | Gauntlet | Found a transporter.
 16753 | Gauntlet | Found a transporter.
 16753 | Gauntlet | Found a transporter.
 16765 | Gauntlet | Found a transporter.
 16783 | Gauntlet | Found a transporter.
 16784 | Gauntlet | Found the +4 Cigotuvi's embrace {Corpsefed rMiasma Drain
                  | rN+}
 16790 | Gauntlet | Noticed a green death
 16792 | Gauntlet | Found a runed translucent gate.
 16793 | Gauntlet | Found a transporter.
 16793 | Gauntlet | Found a runed translucent gate.
 16794 | Gauntlet | Found a runed translucent gate.
 16808 | Gauntlet | Found a transporter.
 16828 | Gauntlet | Found a transporter.
 16828 | Gauntlet | Found a transporter.
 16966 | Gauntlet | Identified the amulet "Wiffauw" {Faith -Cast rF+ rC+++
                  | Str-4}
 16993 | Gauntlet | Noticed a minotaur
 17275 | Gauntlet | Slain by a minotaur

Illustrated notes

Levels and vault maps discovered:
D:1:      dpeg_arrival_renting, layout_loops_ring
D:2:      layout_loops_ring, chequers_ecumenical_altar_lobes, basic_altar
D:3:      layout_basic, corexii_leaking_fountain, uniq_grinder, uniq_terence,
          uniq_crazy_yiuf_cottage
D:4:      layout_gridville, trog_hazing_becter, minmay_temple_entry_slanted,
          portal_sewer_entry_e
D:5:      layout_cave_pods, nicolae_gozag_cash_rules_everything_around_me
D:6:      minmay_chambers_of_fours, layout_basic, serial_shops,
          nicolae_shop_bloodbath_and_beyond, shop, nicolae_shop_trees,
          nicolae_shop_gibbet_a_chance, shop
D:7:      layout_gridville, kennysheep_dice, uniq_jeremiah
D:8:      layout_rooms, mainiacjoe_overflow_alcove_4, lemuel_crystal_altar,
          minmay_liquid_box, uniq_pikel, uniq_maurice, uniq_psyche
D:9:      layout_rooms, lair_entry_dummy, serial_shops, shop_fountains,
          minivault_1, hex_large, roderic_roman_lattice,
          dreamdust_gnoll_shepherd, uniq_prince_ribbit1, uniq_amaemon
D:10:     layout_small_grid, mainiacjoe_overflow_catwalk, nicolae_shop_gadgets,
          uniq_josephine
D:11:     layout_long_grid, david_orc_4, uniq_harold
Temple:   hellmonk_temple_divided_pantheon
Lair:1:   layout_hall_layers, grunt_megastairs_4
Lair:2:   layout_small_grid, skrybe_swamp_entry_bodies, gauntlet_entry_generic,
          kennysheep_abandoned_house
Orc:1:    layout_caves, uniq_sonja
Orc:2:    grunt_orc_gardens, layout_caves, grunt_orc_garden, grunt_orc_garden,
          grunt_orc_garden, grunt_orc_garden
Gauntlet: gammafunk_gauntlet_mixed_choke_point
          [minmay_gauntlet_arena_77_terracotta_army,
          minmay_gauntlet_arena_77_double_cross,
          minmay_gauntlet_arena_77_p_blocks, gammafunk_gauntlet_arena_crates,
          minmay_gauntlet_arena_77_run_for_it,
          minmay_gauntlet_arena_77_two_lines,
          minmay_gauntlet_arena_77_broken_ladder, gauntlet_exit_watery]

Skill      XL: |  1  2  3  4  5  6  7  8  9 10 11 12 13 |
---------------+----------------------------------------+-----
Stealth        | 2 3 4 5 6 8 10 12 15 17 | 17.7
Dodging        | 3 4 5 6 7 8 11 13 14 15 | 15.2
Fighting       | 2 3 4 5 7 8 9 10 | 10.2
Short Blades   | 1 2 3 4 6 7 9 10 11 | 11.6
Shields        | 3 4 |  4.0
Ranged Weapons | |  4.0

Action                     |  1- 3 |  4- 6 |  7- 9 | 10-12 | 13-15 || total
---------------------------+-------+-------+-------+-------+-------++-------
  Melee: Dagger            |    49 |    54 |       |       |       ||   103
         Short sword       |       |   136 |   255 |  1030 |   237 ||  1658
         Punch             |       |     3 |     8 |    10 |       ||    21
   Fire: Shortbow          |    52 |       |       |       |       ||    52
  Evoke: Wand              |       |       |       |       |     1 ||     1
    Use: Scroll            |       |    12 |     5 |     6 |     2 ||    25
         Potion            |       |     1 |       |     3 |       ||     4
   Stab: Sleeping          |     8 |     6 |    12 |    22 |     7 ||    55
         Distracted        |       |     1 |     4 |     6 |     2 ||    13
 Armour: Robe              |    16 |    59 |    42 |   140 |    61 ||   318
  Dodge: Dodged            |    38 |   163 |   157 |   767 |   291 ||  1416
  Block: Buckler           |       |       |       |    85 |    84 ||   169

Table legend: (Time is in decaauts)
 A = Elapsed time spent in this place.
 B = Non-inter-level travel time spent in this place.
 C = Inter-level travel time spent in this place.
 D = Time resting spent in this place.
 E = Time spent auto-exploring this place.
 F = Levels seen in this place.
 G = Mean time per level.
                   A        B        C        D        E       F      G
               +--------+--------+--------+--------+--------+-----+--------+
         Total |  12245 |  11613 |    632 |   2868 |   5111 |  18 |  680.3 |
       Dungeon |   9026 |   8506 |    520 |   1991 |   4194 |  11 |  820.5 |
        Temple |     71 |     71 |      0 |      0 |     70 |   1 |   71.0 |
          Lair |    504 |    491 |     13 |     21 |    256 |   2 |  252.0 |
  Orcish Mines |   1790 |   1692 |     98 |    420 |    479 |   2 |  895.0 |
         Sewer |    421 |    421 |      0 |    224 |     24 |   1 |  421.0 |
      Gauntlet |    429 |    429 |      0 |    210 |     86 |   1 |  429.0 |
               +--------+--------+--------+--------+--------+-----+--------+

Top non-repeatable levels by time:
    D:10: 1179 daAuts
     D:8: 1110 daAuts
     D:5: 977 daAuts
   Orc:1: 934 daAuts
    D:11: 862 daAuts
   Orc:2: 856 daAuts
     D:6: 846 daAuts
     D:7: 811 daAuts
     D:3: 776 daAuts
     D:4: 754 daAuts
     D:9: 680 daAuts
     D:1: 520 daAuts
     D:2: 507 daAuts
Gauntlet: 429 daAuts
   Sewer: 421 daAuts
